 Dungeon Crawl Stone Soup version 0.30-b1-2-g02819fbbbe (webtiles) character file.

Game seed: 1540001238150453693

101 Alarkh the Grave Robber (level 4, 0/30 HPs)
             Began as a Demonspawn Necromancer on July 7, 2023.
             Succumbed to a scorpion's poison
             ... on level 4 of the Dungeon.
             The game lasted 00:03:18 (2472 turns).

Alarkh the Grave Robber (Demonspawn Necromancer)    Turns: 2472, Time: 00:03:19

Health: 0/30       AC:  5    Str:  8    XL:     4   Next: 48%
Magic:  25/26      EV: 11    Int: 18    God:
Gold:   157        SH:  0    Dex: 14    Spells: 8/9 levels left

rFire   . . .        (no weapon)
rCold   . . .        (no shield)
rNeg    . . .        w - +0 ring mail
rPois   .            (no helmet)
rElec   .            (no cloak)
rCorr   .            (no gloves)
SInv    .            (no boots)
Will    .....        (no amulet)
Stlth   ++           i - ring of magical power
HPRegen 0.25/turn    m - ring of magical power
MPRegen 0.40/turn

%: no passive effects
@: lethally poisoned (0 -> -8), invisible
A: magic regeneration, sturdy frame 1
a: no special abilities


You were on level 4 of the Dungeon.
You visited 1 branch of the dungeon, and saw 4 of its levels.

You collected 157 gold pieces.

Inventory:

Armour
 a - a +0 robe
 v - a +0 pair of gloves
 w - a +0 ring mail (worn)
Jewellery
 i - a ring of magical power (left hand)
 k - a ring of willpower
 m - a ring of magical power (right hand)
Wands
 r - a wand of roots (5)
Scrolls
 e - a scroll of immolation
 f - a scroll of noise
 h - a scroll of magic mapping
 j - a scroll of teleportation {unknown}
 l - a scroll of amnesia {unknown}
 o - a scroll of enchant weapon {unknown}
 p - a scroll of blinking {unknown}
 q - a scroll of poison {unknown}
 s - a scroll of silence {unknown}
 t - a scroll of vulnerability {unknown}
Potions
 b - a potion of magic
 c - a potion of mutation
 d - a potion of attraction
 u - 2 potions of cancellation


   Skills:
 - Level 1.7 Dodging
 - Level 1.7 Stealth
 + Level 3.0 Spellcasting
 * Level 5.9 Necromancy


You had 8 spell levels left.
You knew the following spells:

 Your Spells              Type           Power      Damage    Failure   Level
a - Necrotise             Necr           96%        1d8       2%          1

Your spell library contained the following spells:

 Spells                   Type           Power      Damage    Failure   Level
 Vampiric Draining        Necr           24%        2d7       8%          3
 Animate Dead             Necr           24%        N/A       26%         4
 Agony                    Necr           24%        N/A       56%         5
 Stone Arrow              Conj/Erth      4%         3d7       65%         3
 Animate Armour           Summ/Erth      4%         N/A       96%         4
 Lehudib's Crystal Spear  Conj/Erth      1%         10d2      100%        8


Dungeon Overview and Level Annotations

Branches:
Dungeon (4/15)
 Temple: D:4-7

Altars:
Yredelemnul


Innate Abilities, Weirdness & Mutations

You regenerate magic rapidly.
Your movements are slightly less encumbered by armour. (ER -2)


Message History

Confirm with . or Enter, or press ? or * to list all spells.
Aiming: Necrotise (safe; 2% risk of failure)
Press: ? - help, Shift-Dir - straight line, f/p - scorpion
Aim: a scorpion (heavily wounded, chance to affect: 83%)
The scorpion writhes in agony.
The scorpion stings you. The scorpion barely misses you.
Casting: Necrotise (safe; 2% risk of failure)
Confirm with . or Enter, or press ? or * to list all spells.
Aiming: Necrotise (safe; 2% risk of failure)
Press: ? - help, Shift-Dir - straight line, f/p - scorpion
Aim: a scorpion (heavily wounded, chance to affect: 83%)
The scorpion writhes in agony.
The scorpion stings you. The scorpion attacks as you move away!
The scorpion barely misses you. The scorpion attacks as you move away!
The scorpion barely misses you. The scorpion closely misses you.
The scorpion attacks as you move away! The scorpion stings you.
The scorpion attacks as you move away! The scorpion stings you.
You are poisoned.
The scorpion poisons you!
You feel very sick.
You feel sick. The scorpion stings you!
You are lethally poisoned!
The scorpion poisons you! The scorpion attacks as you move away!
The scorpion completely misses you.
* * * LOW HITPOINT WARNING * * *
You feel very sick. The scorpion attacks as you move away!
The scorpion barely misses you.
* * * LOW HITPOINT WARNING * * *
You feel very sick.
You fade into invisibility!
* * * LOW HITPOINT WARNING * * *
You feel sick.
The scorpion stings you but does no damage.
Casting: Necrotise (safe; 2% risk of failure)
Confirm with . or Enter, or press ? or * to list all spells.
Aiming: Necrotise (safe; 2% risk of failure)
Press: ? - help, Shift-Dir - straight line, f/p - scorpion
Aim: a scorpion (severely wounded, unable to see you, chance to affect: 83%)
The scorpion barely resists.
You die...

##.....# ###..##
###.### ##...##
#.## ##...## ##.#
##..### #.##
###..## #..#
##...##
##.####...##
###..##...##
#....@s..##
##.....h.##
##.........#
##...........#
##..........#.#
##..#........#..#
##..###......###..#
##..## ##.....# #..
##..## #######


You could see a black bear (unable to see you) and a scorpion (unable to see
you).

Vanquished Creatures
  3 gnolls (D:3)
  An adder (D:2)
  A worm (D:3)
  3 dart slugs
  3 orcs (D:3)
  4 ball pythons
  5 endoplasms (D:2)
  6 goblins (D:2)
  2 hobgoblins
  5 kobolds
  4 quokkas
  4 bats
  2 frilled lizards
  7 rats
50 creatures vanquished.

Vanquished Creatures (collateral kills)
  A ball python (D:1)
1 creature vanquished.

Grand Total: 51 creatures vanquished

Notes
Turn   | Place    | Note
-------+----------+-------------------------------------------
     0 | D:1      | Alarkh the Demonspawn Necromancer began the quest for the
                  | Orb.
     0 | D:1      | Reached XP level 1. HP: 13/13 MP: 3/3
   159 | D:1      | Gained mutation: You regenerate magic rapidly. [demonic
                  | ancestry]
   159 | D:1      | Reached XP level 2. HP: 19/19 MP: 1/5
   690 | D:2      | Reached skill level 5 in Necromancy
   742 | D:2      | Found a faded altar of an unknown god.
   952 | D:2      | Reached XP level 3. HP: 19/24 MP: 6/6
  1696 | D:3      | Gained mutation: Your movements are slightly less
                  | encumbered by armour. (ER -2) [demonic ancestry]
  1696 | D:3      | Reached XP level 4. HP: 6/30 MP: 8/8
  1696 | D:3      | HP: 1/30 [gnoll/+0 club (5)]
  2101 | D:3      | Found a basalt altar of Yredelemnul.
  2114 | D:3      | Noticed an angel
  2448 | D:4      | Noticed a black bear
  2450 | D:4      | Noticed a scorpion
  2472 | D:4      | Succumbed to a scorpion's poison

Illustrated notes

Levels and vault maps discovered:
D:1:      scummos_arrival_checkerplants, layout_rooms
D:2:      layout_basic, ebering_ecumenical_altar_sacrificial
D:3:      layout_basic, grunt_temple_overflow_holy_war
D:4:      layout_cave_pods, serial_shops, nicolae_shop_trees,
          nicolae_shop_tiny_real_fake_doors, shop, shop, uniq_duvessa

Skill      XL: |  1  2  3  4 |
---------------+-------------+-----
Necromancy     | 5 |  5.9
Spellcasting   | 3 |  3.0
Dodging        | |  1.7
Stealth        | |  1.7

Action                     |  1- 3 |  4- 6 || total
---------------------------+-------+-------++-------
  Melee: Unarmed           |    20 |       ||    20
   Cast: Necrotise         |    79 |    31 ||   110
    Use: Scroll            |       |     7 ||     7
         Potion            |       |     1 ||     1
 Armour: Robe              |     6 |       ||     6
         Ring mail         |       |     3 ||     3
  Dodge: Dodged            |    40 |     9 ||    49
